 Dungeon Crawl Stone Soup version 0.26-a0-631-ged93497179 (webtiles) character file.

Game seed: 2713553798684629781

242 DogServant the Digger (level 6, 36/37 HPs)
             Began as a Gargoyle Earth Elementalist on Sept 12, 2020.
             Quit the game on level 4 of the Dungeon.
             The game lasted 00:08:07 (2945 turns).

DogServant the Digger (Gargoyle Earth Elementalist) Turns: 2945, Time: 00:08:08

Health: 36/37      AC:  7    Str:  8 (10) XL:     6   Next: 9%
Magic:  9/11       EV: 12    Int: 16 (17) God:
Gold:   205        SH:  0    Dex:  9 (10) Spells: 11/12 levels left

rFire    . . .     SeeInvis .   a - +0 club
rCold    . . .     Faith    .   (no shield)
rNeg     + . .     Spirit   .   c - +0 robe
rPois    ∞         Reflect  .   (helmet restricted)
rElec    +         Harm     .   (no cloak)
rCorr    .         Rampage  .   (no gloves)
MR       ++...                  p - +0 pair of boots
Stlth    ++........             h - amulet of magic regeneration
HPRegen  0.12/turn              f - ring of protection from magic
MPRegen  0.37/turn              (no ring)

@: no status effects
A: antennae 1, magic resistance 1, negative energy resistance 1, electricity
resistance, weak 1, unbreathing, petrification resistance, rot immunity, AC +4
a: no special abilities


You were on level 4 of the Dungeon.
You visited 1 branch of the dungeon, and saw 5 of its levels.

You collected 205 gold pieces.

Inventory:

Hand Weapons
 a - a +0 club (weapon)
Missiles
 b - 50 stones (quivered)
Armour
 c - a +0 robe (worn)
 o - a +0 helmet
 p - a +0 pair of boots (worn)
Jewellery
 f - a ring of protection from magic (left hand)
 h - an amulet of magic regeneration (around neck)
 l - an uncursed amulet of reflection
Wands
 n - a wand of random effects (22)
Scrolls
 k - a scroll of blinking {unknown}
 m - 2 scrolls of immolation {unknown}
 q - a scroll of enchant weapon {unknown}
 r - a scroll of fog {unknown}
Potions
 j - a potion of degeneration


   Skills:
 + Level 3.3 Fighting
 - Level 1.6 Dodging
 - Level 2.2 Stealth
 + Level 3.6 Spellcasting
   Level 0.7 Transmutations
 + Level 5.4 Earth Magic


You had 11 spell levels left.
You knew the following spells:

 Your Spells              Type           Power        Failure   Level
a - Sandblast             Erth           ###...       1%          1

Your spell library contained the following spells:

 Spells                   Type           Power        Failure   Level
 Passwall                 Tmut/Erth      ##......     8%          2
 Stone Arrow              Conj/Erth      ##....       17%         3
 Petrify                  Tmut/Erth      ##......     43%         4
 Lee's Rapid Deconstruct  Erth           ###.......   45%         5


Dungeon Overview and Level Annotations

Branches:
Dungeon (5/15)
 Temple: D:4-7

Altars:

Annotations:
D:3 Sigmund
D:4 Edmund


Innate Abilities, Weirdness & Mutations

You are resistant to torment.
Your stone body is resilient. (AC +4)
You are immune to poison.
You resist negative energy. (rN+)
You are resistant to electric shocks. (rElec)
You can survive without breathing.
You are immune to petrification.
You are immune to rotting.
You have a pair of small antennae on your head.
You are resistant to hostile enchantments. (MR+)
You are weak. (Str -2)


Message History

Press: ? - help, Shift-Dir - straight line, f/p - Edmund
Aim: Edmund, wielding a +3 dire flail of venom and wearing a +0 scale mail (heavily wounded)
The blast of sand hits Edmund!
Edmund is heavily wounded.
b - 50 stones Edmund hits you with a +3 dire flail of venom!
* * * LOW HITPOINT WARNING * * *
It was a potion of mutation.
You feel extremely strange.
You feel weaker. A pair of antennae grows on your head!
Your +0 helmet falls away!
You feel resistant to hostile enchantments.
Edmund hits you but does no damage.
It was a potion of heal wounds.
You feel much better. Edmund hits you but does no damage.
It was a potion of curing.
You feel better. Edmund barely misses you.
It was a potion of degeneration.
There was something very wrong with that liquid.
You feel weakened.
You feel dopey.
You feel clumsy.
Edmund hits you with a +3 dire flail of venom.
Are you sure you want to abandon this character and quit the game? (Confirm with "yes".)

### ##### ##############
#.###########.#.# ........##...#
#...........#.#.##
#######.##.#.###.#########.#.#...
#.##.#...............#.#.##
#######.##.#####.###########.#.##
........##.# #.............#.##
##########.# #@.##########.#.##
#....# #.@#........#.#.##
#######.########.....##.####.#.##
...............#.#...........#.##
#######.######.#.#.#....##.#.#.##
........# #.#.#.#.........#.##
#.####### #.#.#...............
#..###########.#.#<....#.###.#.#.
...............#.#####.........#.


You could see Edmund.

Vanquished Creatures
  A phantom (D:4)
  A jelly (D:5)
  A worker ant (D:4)
  4 adders
  6 worms
  2 leopard geckos
  2 giant cockroaches (D:1)
  10 hobgoblins
  3 kobolds
  A quokka (D:3)
  7 bats
  A frilled lizard (D:1)
  6 goblins
  7 rats
52 creatures vanquished.

Notes
Turn   | Place    | Note
-------+----------+-------------------------------------------
     0 | D:1      | DogServant the Gargoyle Earth Elementalist began the quest
                  | for the Orb.
     0 | D:1      | Reached XP level 1. HP: 10/10 MP: 3/3
   209 | D:1      | Reached XP level 2. HP: 12/15 MP: 5/5
   412 | D:1      | Reached skill level 4 in Earth Magic
   599 | D:1      | Reached skill level 1 in Fighting
   648 | D:1      | Reached XP level 3. HP: 19/20 MP: 6/6
  1400 | D:2      | Reached XP level 4. HP: 26/26 MP: 4/8
  1761 | D:3      | Noticed Sigmund
  2107 | D:4      | Noticed a phantom
  2137 | D:4      | Killed a phantom
  2137 | D:4      | Reached skill level 5 in Earth Magic
  2137 | D:4      | Reached XP level 5. HP: 26/32 MP: 1/10
  2730 | D:5      | Entered Level 5 of the Dungeon
  2764 | D:5      | Reached XP level 6. HP: 26/37 MP: 7/11
  2865 | D:5      | Noticed Edmund
  2941 | D:4      | Gained mutation: You are weak. (Str -2) [potion of
                  | mutation]
  2941 | D:4      | Gained mutation: You have a pair of small antennae on your
                  | head. [potion of mutation]
  2941 | D:4      | Gained mutation: You are resistant to hostile enchantments.
                  | (MR+) [potion of mutation]
  2945 | D:4      | Quit the game

Illustrated notes

Levels and vault maps discovered:
D:1:      erik_arrival_triangle_small, layout_basic
D:2:      layout_basic
D:3:      layout_basic, uniq_sigmund
D:4:      layout_basic
D:5:      minmay_chambers_of_fours, layout_basic, uniq_edmund, uniq_ijyb

Skill      XL: |  1  2  3  4 |
---------------+-------------+-----
Earth Magic    | 4 5 |  5.4
Fighting       | 1 3 |  3.3
Spellcasting   | 3 |  3.6
Dodging        | |  1.6
Stealth        | |  2.2
Transmutations | |  0.7

Action                   |  1- 3 |  4- 6 || total
-------------------------+-------+-------++-------
Melee: Club              |    78 |     7 ||    85
       Unarmed           |     6 |       ||     6
 Cast: Sandblast         |    30 |    34 ||    64
  Use: Potion            |       |     4 ||     4
       Scroll            |       |     3 ||     3
 Stab: Distracted        |     1 |       ||     1
       Sleeping          |     1 |       ||     1
Armor: Robe              |    48 |     6 ||    54
Dodge: Dodged            |    95 |     8 ||   103

Table legend: (Time is in decaauts)
 A = Elapsed time spent in this place.
 B = Non-inter-level travel time spent in this place.
 C = Inter-level travel time spent in this place.
 D = Time resting spent in this place.
 E = Time spent auto-exploring this place.
 F = Levels seen in this place.
 G = Mean time per level.
                   A        B        C        D        E       F      G
               +--------+--------+--------+--------+--------+-----+--------+
         Total |   2970 |   2881 |     89 |     71 |   2276 |   5 |  594.0 |
       Dungeon |   2970 |   2881 |     89 |     71 |   2276 |   5 |  594.0 |
               +--------+--------+--------+--------+--------+-----+--------+

Top non-repeatable levels by time:
     D:1: 1074 daAuts
     D:4: 1002 daAuts
     D:2: 582 daAuts
     D:5: 169 daAuts
     D:3: 140 daAuts
